 Dungeon Crawl Stone Soup version 0.17-a0-1939-ga475588 (webtiles) character file.

19 achirane the Chucker (level 2, 0/25 HPs)
             Began as a Centaur Hunter on Sept 29, 2015.
             Was an Initiate of Okawaru.
             Succumbed to an adder's poison
             ... on level 3 of the Dungeon.
             The game lasted 00:04:30 (577 turns).

achirane the Chucker (Centaur Hunter)                Turns: 577, Time: 00:04:30

Health: 0/25       AC:  4    Str: 14    XL:     2   Next: 55%
Magic:  2/2        EV:  9    Int: 10    God:    Okawaru [......]
Gold:   59         SH:  0    Dex:  9    Spells: 0 memorised, 1 level left

rFire  . . .     SeeInvis .     c - +0 short sword
rCold  . . .     Clarity  .     d - +0 leather armour
rNeg   . . .     SustAt   .     (no shield)
rPois  .         Gourm    .     (no helmet)
rElec  .         Spirit   .     (no cloak)
rCorr  .         Warding  .     (no gloves)
rMut   .         Stasis   .     (no barding)
MR     .....                    (no amulet)
Stlth  +.........               (no ring)
                                (no ring)

@: lethally poisoned (0 -> -4), very quick, not resistant to hostile
enchantments, very unstealthy
A: hooves 3, deformed body, speed 2, tough skin 3
a: Renounce Religion


You were on level 3 of the Dungeon.
You worshipped Okawaru.
Okawaru was noncommittal.
You were not hungry.

You visited 1 branch of the dungeon, and saw 4 of its levels.

You collected 59 gold pieces.

Inventory:

Hand weapons
 c - a +0 short sword (weapon)
 o - a +0 trident
   (You found it on level 3 of the Dungeon)
 p - a cursed +0 hunting sling
   (You found it on level 2 of the Dungeon)
Missiles
 m - 6 poisoned needles
Armour
 d - a +0 leather armour (worn)
Scrolls
 f - a scroll of blinking {unknown}
 k - a scroll of magic mapping {unknown}
 l - 2 scrolls of remove curse {unknown}
 n - a scroll of recharging {unknown}
Potions
 h - a potion of degeneration {unknown}
Comestibles
 e - 3 bread rations {@e1}
 i - 2 slices of pizza
 j - a beef jerky
 q - 2 fruits


   Skills:
 + Level 2.6 Fighting
 + Level 5.8 Throwing
 - Level 1.3 Dodging
 - Level 0.5 Stealth


You had one spell level left.
You didn't know any spells.

Dungeon Overview and Level Annotations

Branches:
Dungeon (4/15)
 Temple: D:4-7

Altars:
Okawaru

Annotations:
D:3 Appriser's ghost, average DrTm


Innate Abilities, Weirdness & Mutations

You have hooves in place of feet.
Armour fits poorly on your strangely shaped body.
You cover ground very quickly.
You have extremely tough skin (AC +3).


Message History

You throw a javelin. The javelin barely misses the adder.
The bat hits you but does no damage.
Throwing (i - inventory):
a - 4 javelins (quivered)
Press: ? - help, Shift-Dir - straight line, f/p - adder
Aim: an adder You throw a javelin.
The javelin closely misses the adder.
The bat hits you but does no damage. The bat hits you.
The adder bites you but does no damage.
You take 1 damage, and have 23/25 hp.
Throwing (i - inventory):
a - 3 javelins (quivered)
Press: ? - help, Shift-Dir - straight line, f/p - adder
Aim: an adder You throw a javelin.
The javelin misses the adder.
The bat hits you but does no damage. The adder closely misses you.
Throwing (i - inventory):
a - 2 javelins (quivered)
Press: ? - help, Shift-Dir - straight line, f/p - adder
Aim: an adder You throw a javelin.
The javelin barely misses the adder.
The bat closely misses you. The adder bites you.
You take 4 damage, and have 19/25 hp.
Throwing (i - inventory):
a - a javelin (quivered)
Press: ? - help, Shift-Dir - straight line, f/p - adder
Aim: an adder You throw a javelin.
The javelin misses the adder.
The bat barely misses you. The adder bites you but does no damage.
The adder barely misses you.
Quiver which item? (- for none, * to show all) (? for menu, Esc to quit)
Quivering
b - 2 throwing nets {=f, !d} for throwing.
Throwing (i - inventory):
b - 2 throwing nets (quivered)
{=f, !d}
Press: ? - help, Shift-Dir - straight line, f/p - adder
Aim: an adder You throw a throwing net {=f, !d}.
The throwing net {=f, !d} closely misses the adder.
The bat closely misses you. The adder bites you.
You take 1 damage, and have 18/25 hp.
Throwing (i - inventory):
b - a throwing net (quivered)
{=f, !d}
Press: ? - help, Shift-Dir - straight line, f/p - adder
Aim: an adder You throw a throwing net {=f, !d}.
The throwing net {=f, !d} misses the adder.
The adder bites you.
You take 2 damage, and have 16/25 hp.
You hit the adder but do no damage. The bat hits you but does no damage.
The adder closely misses you.
You miss the adder. The bat hits you. The adder bites you but does no damage.
The adder bites you but does no damage. The bat hits you but does no damage.
You take 1 damage, and have 15/25 hp.
You barely miss the adder. You kick the adder, but do no damage.
The bat barely misses you. The adder bites you but does no damage.
You barely miss the adder. The bat hits you but does no damage.
The adder bites you but does no damage.
You hit the adder.
The adder is moderately wounded.
The bat hits you but does no damage. The adder barely misses you.
The adder bites you.
You hit the adder.
The adder is heavily wounded.
The bat barely misses you. The adder closely misses you.
You closely miss the adder.
The adder is heavily wounded.
The bat hits you but does no damage. The adder bites you.
The adder barely misses you.
You take 5 damage, and have 10/25 hp.
You barely miss the adder. Your kick misses the adder.
The adder is heavily wounded.
The bat hits you but does no damage. The adder bites you.
You take 2 damage, and have 8/25 hp.
You hit the adder.
The adder is heavily wounded.
The bat closely misses you. The adder bites you.
* * * LOW HITPOINT WARNING * * *
You take 3 damage, and have 5/25 hp.
You miss the adder. Your kick misses the adder.
The adder is heavily wounded.
The adder barely misses you. The bat hits you but does no damage.
The adder bites you but does no damage.
You closely miss the adder.
The adder is heavily wounded.
The bat hits you.
* * * LOW HITPOINT WARNING * * *
The bat hits you but does no damage. The adder misses you.
You take 1 damage, and have 4/25 hp.
Your leather armour prevents you from hitting the adder.
The adder is heavily wounded.
The bat hits you but does no damage. x2
The adder barely misses you. The adder closely misses you.
Appriser's ghost (average Draconian Transmuter) comes into view.
You hit the adder.
The adder is almost dead.
The bat completely misses you. The adder bites you but does no damage.
You closely miss the adder.
The adder is almost dead.
The adder bites you.
* * * LOW HITPOINT WARNING * * *
You are lethally poisoned!
The adder poisons you! The bat hits you but does no damage.
The adder bites you but does no damage.
You take 3 damage, and have 1/25 hp.
Drink which item? (? for menu, Esc to quit)
It was a potion of cure mutation.
It has a very clean taste.
You die...

#.....
#....#+#####
#...........
#.(.........
+...........
#..(........
#..Sb.......
#@.......
#.........
#.........
#.........
'.........
.#....?.W..
.#######...
. ...


You could see Appriser's ghost, an adder and a bat.

Vanquished Creatures
  An ooze (D:1)
  A worm (D:2)
  2 goblins (D:1)
  2 hobgoblins
  A ball python (D:1)
  2 bats (D:1)
  3 giant newts
  2 rats (D:1)
14 creatures vanquished.

Notes
Turn   | Place    | Note
--------------------------------------------------------------
     0 | D:1      | achirane the Centaur Hunter began the quest for the Orb.
     0 | D:1      | Reached XP level 1. HP: 17/17 MP: 1/1
   100 | D:1      | Reached XP level 2. HP: 18/25 MP: 2/2
   521 | D:3      | Found an iron altar of Okawaru.
   528 | D:3      | Became a worshipper of Warmaster Okawaru
   571 | D:3      | HP: 5/25 [adder (3)]
   575 | D:3      | Noticed Appriser's ghost (average DrTm)
   576 | D:3      | HP: 1/25 [adder (3)]
   577 | D:3      | Succumbed to an adder's poison

Vault maps used:
D:1:      tarquinn_simple_flora_water_d
D:2:      grunt_temple_overflow_open, first_bread, elyvilon_altar_4
D:3:      led_sif_pool, okawaru_trees_1, uniq_iyjb, uniq_grinder
D:4:      nicolae_overflow_crystal_walls, nemelex_altar_shiori,
          overflow_temple_1_default, minmay_temple_entry_glassed_door

Action                   || total
-------------------------++-------
Melee: Short sword       ||    41
Throw: Javelin           ||    23
       Throwing net      ||     2
  Use: Potion            ||     1

Vault maps used:
D:1:      tarquinn_simple_flora_water_d
D:2:      grunt_temple_overflow_open, first_bread, elyvilon_altar_4
D:3:      led_sif_pool, okawaru_trees_1, uniq_iyjb, uniq_grinder
D:4:      nicolae_overflow_crystal_walls, nemelex_altar_shiori,
          overflow_temple_1_default, minmay_temple_entry_glassed_door

Table legend:
 A = Turns spent in this place as a percentage of turns spent in the entire game.
 B = Non-inter-level travel turns spent in this place as a percentage of non-inter-level travel turns spent in the entire game.
 C = Inter-level travel turns spent in this place as a percentage of turns spent in this place.
 D = Turns resting spent in this place as a percentage of non-inter-level travel turns spent in this place.
 E = Turns spent auto-exploring this place as a percentage of non-inter-level travel turns spent in this place.
 F = Non-inter-level travel turns spent in this place divided by the number of levels of this place that you've seen.
                   A       B       C       D       E      F
               +-------+-------+-------+-------+-------+----------------------
         Total | 100.0 | 100.0 |   0.3 |   0.9 |   0.9 |  81.2
       Dungeon | 100.0 | 100.0 |   0.3 |   0.9 |   0.9 |  81.2
               +-------+-------+-------+-------+-------+----------------------

Table legend:
 A = Kills in this place as a percentage of kills in entire the game.
 B = Kills by you in this place as a percentage of kills by you in the entire game.
 C = Kills by friends in this place as a percentage of kills by friends in the entire game.
 D = Other kills in this place as a percentage of other kills in the entire game.
 E = Experience gained in this place as a percentage of experience gained in the entire game.
 F = Experience gained in this place divided by the number of levels of this place that you have seen.
                   A       B       C       D       E      F
               +-------+-------+-------+-------+-------+----------------------
         Total | 100.0 | 100.0 |  -nan |  -nan | 100.0 |   7.0
       Dungeon | 100.0 | 100.0 |  -nan |  -nan | 100.0 |   7.0
               +-------+-------+-------+-------+-------+----------------------
